 Dungeon Crawl Stone Soup version 0.20.1-1-g8b1a95d (webtiles) character file.

158 PhyxPenguin the Ruffian (level 5, -7/46 HPs)
             Began as a Draconian Berserker on Dec 19, 2017.
             Was a Believer of Trog.
             Killed from afar by an orc wizard (9 damage)
             ... with a magic dart
             ... on level 4 of the Dungeon.
             The game lasted 00:20:49 (3351 turns).

PhyxPenguin the Ruffian (Draconian Berserker)       Turns: 3351, Time: 00:20:50

Health: -7/46      AC:  5    Str: 20    XL:     5   Next: 16%
Magic:  5/5        EV: 19    Int:  8    God:    Trog [**....]
Gold:   123        SH:  0    Dex: 15    Spells: 4/4 levels left

rFire    . . .     SeeInvis .     - Unarmed
rCold    + . .     Gourm    .   (no shield)
rNeg     . . .     Faith    .   (armour unavailable)
rPois    .         Spirit   .   (helmet restricted)
rElec    .         Reflect  .   (no cloak)
rCorr    .         Harm     .   (no gloves)
MR       .....                  (no boots)
Stlth    +++.......             (no amulet)
Regen    0.2/turn               f - ring of protection from cold
MPRegen  0.1/turn               (no ring)

@: agile, lethally poisoned (-7 -> -8), slowed, very slow
A: unfitting armour, cold-blooded, AC +5
a: Berserk, Trog's Hand, Burn Spellbooks, Renounce Religion


You were on level 4 of the Dungeon.
You worshipped Trog.
Trog was pleased with you.
You were not hungry.

You visited 1 branch of the dungeon, and saw 4 of its levels.

You collected 123 gold pieces.

Inventory:

Jewellery
 f - a ring of protection from cold (left hand)
Wands
 q - a wand of flame (36/48)
Scrolls
 d - a scroll of recharging
 i - a scroll of random uselessness {unknown}
 j - a scroll of blinking {unknown}
 k - a scroll of remove curse
 m - 2 scrolls of fog {unknown}
 n - a scroll of noise {unknown}
Potions
 c - a potion of invisibility {unknown}
 e - 3 potions of lignification
 g - a potion of resistance {unknown}
 h - 2 potions of curing {unknown}
 r - a potion of heal wounds {unknown}
Comestibles
 a - a bread ration
 p - 2 meat rations


   Skills:
 + Level 3.7 Fighting
 + Level 3.6 Dodging
 + Level 1.0 Stealth
 + Level 4.7 Unarmed Combat


You had 4 spell levels left.
You didn't know any spells.

Dungeon Overview and Level Annotations

Branches:
Dungeon (4/15)
 Temple: D:4-7

Altars:
Ashenzari
Dithmenos
Okawaru
Ru
The Shining One


Innate Abilities, Weirdness & Mutations

Your plain brown scales are hard. (AC +5)
You cannot fit into any form of body armour.
You are cold-blooded and may be slowed by cold attacks.


Message History

The orc wizard closely misses you. The orc completely misses you.
The orc wizard misses you.
You feel sick. The orc wizard closely misses you. The orc closely misses you.
You feel sick.
The orc wizard gestures at you while chanting.
The magic dart hits you!
* * * LOW HITPOINT WARNING * * *
The orc closely misses you.
As you read the scroll labeled VYXOYVV VESA, it crumbles to dust.
It is a scroll of amnesia.
You feel forgetful for a moment. The orc barely misses you.
The orc wizard closely misses you. The orc hits you.
* * * LOW HITPOINT WARNING * * *
The orc completely misses you.
As you read the scroll labeled NIUMMA XUSUETI, it crumbles to dust.
You feel blessed for a moment.
It was a scroll of remove curse.
The orc barely misses you.
The orc wizard gestures at you while chanting.
The magic dart hits you!
You die...

#### #..# ####### #..##
#.....#####...## #######
#..##......o#..####..§§.#
##)#######@o.....?$...§.###
#.)[..###oo....##.$[.§....
#####<.......#.###...(....
####.....#.# #.....#..
.......... #........
..##....#..##........ #.#
#....##.#####.#.#. ..
#....# .. .>.# ##..


You could see an orc wizard and 3 orcs.

Vanquished Creatures
  Jessica (D:2)
  A worker ant (D:4)
  4 adders
  A worm (D:2)
  3 leopard geckos
  5 orcs (D:4)
  2 giant cockroaches (D:1)
  4 goblins
  7 hobgoblins
  6 jackals
  9 kobolds
  2 quokkas
  7 bats
  8 frilled lizards
  6 rats
66 creatures vanquished.

Notes
Turn   | Place    | Note
-------+----------+-------------------------------------------
     0 | D:1      | PhyxPenguin the Draconian Berserker began the quest for the Orb.
     0 | D:1      | Reached XP level 1. HP: 19/19 MP: 1/1
   307 | D:1      | Reached XP level 2. HP: 20/26 MP: 2/2
  1224 | D:2      | Reached XP level 3. HP: 29/33 MP: 3/3
  1236 | D:2      | Reached ** piety under Trog
  1792 | D:2      | Noticed Jessica
  1797 | D:2      | Killed Jessica
  1797 | D:2      | Reached skill level 4 in Unarmed Combat
  1797 | D:2      | Reached XP level 4. HP: 33/40 MP: 4/4
  1800 | D:2      | Found a glowing golden altar of the Shining One.
  1842 | D:2      | Found a shattered altar of Ashenzari.
  2539 | D:3      | Found an iron altar of Okawaru.
  2914 | D:3      | Found a sacrificial altar of Ru.
  3141 | D:3      | Found a shadowy altar of Dithmenos.
  3316 | D:4      | Found a shadowy altar of Dithmenos.
  3326 | D:4      | Reached skill level 1 in Stealth
  3326 | D:4      | Reached XP level 5. HP: 36/46 MP: 5/5
  3349 | D:4      | HP: 2/46 [orc wizard/magic dart (1)]
  3351 | D:4      | Killed from afar by an orc wizard

Skill      XL: |  1  2  3  4 |
---------------+-------------+-----
Dodging        | 3 |  3.6
Unarmed Combat | 4 |  4.7
Stealth        | 1 |  1.0
Fighting       | |  3.7

Action                   |  1- 3 |  4- 6 || total
-------------------------+-------+-------++-------
Melee: Unarmed           |   149 |   114 ||   263
       Tailslap          |    15 |     9 ||    24
       Punch             |     3 |     1 ||     4
Evoke: Wand              |       |     2 ||     2
  Use: Scroll            |       |     6 ||     6
       Potion            |       |     1 ||     1
  Eat: Bread ration      |     1 |     1 ||     2
Armor: Skin              |    84 |    33 ||   117
Dodge: Dodged            |   155 |   117 ||   272
